 Dungeon Crawl Stone Soup version 0.32-a0-975-g85d4e5bfdb (webtiles) character file.

Game seed: 799920397844612698

861 PriceMaster the Magician (level 7, 0/32 HPs)
             Began as a Spriggan Alchemist on Apr 18, 2024.
             Slain by a hound (4 damage)
             ... on level 4 of the Dungeon on Apr 19, 2024.
             The game lasted 00:04:19 (3676 turns).

PriceMaster the Magician (Spriggan Alchemist)       Turns: 3676, Time: 00:04:20

Health: 0/32       AC:  1    Str:  4    XL:     7   Next: 71%
Magic:  12/17      EV: 17    Int: 18    God:
Gold:   189        SH:  0    Dex: 16    Spells: 17/18 levels left

rFire   . . .        d - +2 whip (flame)
rCold   . . .        (no shield)
rNeg    . . .        a - +0 robe
rPois   .            (helmet restricted)
rElec   .            (no cloak)
rCorr   .            (gloves unavailable)
SInv    +            (boots unavailable)
Will    +....        (no amulet)
Stlth   +++          (no ring)
HPRegen 0.25/turn    (no ring)
MPRegen 0.15/turn

%: no passive effects
@: brilliant, marked, slowed, quick
A: very small, no large weapons, unfitting armour, see invisible, speed 3,
deformed body
a: no special abilities


You were on level 4 of the Dungeon.
You visited 1 branch of the dungeon, and saw 4 of its levels.
You also visited: Ossuary.

You collected 189 gold pieces.

Inventory:

Hand Weapons
 d - a +2 whip of flaming (weapon)
 f - a +0 dagger
 j - a +1 heavy spear
 m - a +0 dagger of flaming
Armour
 a - a +0 robe (worn)
Magical Staves
 o - a staff of cold
Jewellery
 l - a ring of protection from cold
Wands
 w - a wand of polymorph (9)
Scrolls
 c - 2 scrolls of identify
 r - a scroll of torment
 t - a scroll of poison {unknown}
 u - a scroll of vulnerability {unknown}
 v - a scroll of enchant armour {unknown}
Potions
 b - a potion of magic
 g - a potion of heal wounds {unknown}
 h - 2 potions of brilliance
 k - a potion of resistance {unknown}
 n - a potion of cancellation {unknown}
 p - a potion of berserk rage {unknown}
 q - 2 potions of haste {unknown}
 s - 2 potions of might {unknown}


   Skills:
 + Level 0.5 Fighting
 + Level 1.0 Polearms
 + Level 3.9 Dodging
 + Level 5.5 Stealth
 + Level 6.1 Spellcasting
 + Level 2.7 Conjurations
 + Level 6.0 Alchemy


You had 17 spell levels left.
You knew the following spells:

 Your Spells              Type           Power      Damage    Failure   Level
a - Sting                 Conj/Alch      100%       1d9       1%          1

Your spell library contained the following spells:

 Spells                   Type           Power      Damage    Failure   Level
 Mercury Vapours          Alch/Air       48%        N/A       5%          2
 Olgreb's Toxic Radiance  Alch           41%        N/A       10%         4
 Mephitic Cloud           Conj/Alch/Air  24%        N/A       11%         3
 Stone Arrow              Conj/Erth      30%        3d8       21%         3
 Summon Ice Beast         Ice/Summ       8%         N/A       34%         3
 Sticky Flame             Fire/Alch      24%        2d6       34%         4
 Animate Armour           Summ/Erth      16%        N/A       75%         4
 Summon Mana Viper        Hex/Summ       8%         N/A       97%         5
 Conjure Ball Lightning   Conj/Air       7%         3x3d6     100%        6
 Monstrous Menagerie      Summ           4%         N/A       100%        7
 Seismic Cannonade        Alch/Erth      12%        6d7       100%        7
 Discord                  Hex            4%         N/A       100%        8
 Disjunction              Tloc           4%         N/A       100%        8
 Lehudib's Crystal Spear  Conj/Erth      7%         10d3      100%        8


Dungeon Overview and Level Annotations

Branches:
Dungeon (4/15)            Ossuary (visited)
 Temple: D:4-7

Altars:
Elyvilon

Annotations:
D:4 Natasha


Innate Abilities, Weirdness & Mutations

You are very small and have problems with some larger weapons.
You are too small for most types of armour.
You have supernaturally acute eyesight. (SInv)
You cover ground extremely quickly. (Speed+++)
Armour fits poorly on your strangely shaped body.


Message History

The jelly completely misses you. The hound attacks as it pursues you!
The hound closely misses you. The hound attacks as it pursues you!
The hound barely misses you. The hound attacks as it pursues you!
The hound bites you.
* * * LOW HITPOINT WARNING * * *
A giant cockroach comes into view.
Casting: Sting (safe; 1% risk of failure)
Confirm with . or Enter, or press ? or * to list all spells.
Aiming: Sting (safe; 1% risk of failure)
Press: ? - help, Shift-Dir - straight line, f - hound
Aim: a hound (69% to hit)
Okay, then.
Okay, then.
Natasha and a quokka come into view.
Found 9 gold pieces.
The giant cockroach barely misses you.
Natasha stares at you and mumbles some strange words.
The magic dart hits you.
* * * LOW HITPOINT WARNING * * *
The giant cockroach barely misses you.
You open the door.
The giant cockroach closely misses you. 2 orcs and an orc priest come into view.
There is an open door here.
Why would you want to do that?
Natasha mumbles some strange words.
You feel troubled.
An endoplasm comes into view.
Found a robe.
A hound and an orc come into view.
An orc comes into view. It is wielding a +0 mace.
Found 12 gold pieces.
Natasha casts a spell at you.
You feel yourself slow down.
Natasha mumbles some strange words.
Natasha shimmers violently.
You open the door.
An adder comes into view.
Found a whip.
The hound bites you.
You die...

#######+# #≈≈≈≈≈≈.≈
#≈≈≈≈.....≈
#≈≈≈....... ####
#≈≈....#o. .≈ .....
#≈...##.##.o.
......##≈...#.$J#...≈#
.......@h..#..#[.#..o+
.......#≈...# .h#o..≈#
.......#≈...##.##.o.≈#
....S..#≈≈.Bo.#....≈≈#
..)....#≈≈≈.h.....≈≈≈#
.......#≈≈≈≈.....≈≈≈≈#
......##≈≈≈≈≈≈r≈≈≈≈≈≈#
.....# #######'#######
#.r...#


You could see a hound, Natasha, an adder, an orc, a quokka and a giant
cockroach.

Vanquished Creatures
  Pikel (D:4)
  Sigmund (D:2)
  A scorpion (D:4)
  A jelly (D:4)
  Natasha (D:4)
  A hound zombie (Ossuary)
  A gnoll (D:1)
  3 adders
  2 ribbon worms (D:2)
  A dart slug (D:1)
  4 endoplasms
  4 giant cockroaches
  7 goblins
  3 hobgoblins
  7 kobolds
  3 quokkas
  6 ball pythons
  2 bats (D:3)
  4 frilled lizards
  A jackal zombie (Ossuary)
  A kobold zombie (Ossuary)
  11 rats
66 creatures vanquished.

Notes
Turn   | Place    | Note
-------+----------+-------------------------------------------
     0 | D:1      | PriceMaster the Spriggan Alchemist began the quest for the
                  | Orb.
     0 | D:1      | Reached XP level 1. HP: 9/9 MP: 5/5
   198 | D:1      | Reached XP level 2. HP: 11/13 MP: 0/7
   426 | D:1      | Upgraded the game from 0.32-a0-961-gd60f5e5fc7 to
                  | 0.32-a0-975-g85d4e5bfdb
   724 | D:1      | Reached XP level 3. HP: 16/16 MP: 8/8
  1630 | D:2      | Reached skill level 1 in Conjurations
  1794 | D:2      | Noticed Sigmund
  1811 | D:2      | Killed Sigmund
  1812 | D:2      | Reached XP level 4. HP: 11/21 MP: 3/11
  1812 | D:2      | Reached XP level 5. HP: 13/24 MP: 3/12
  1921 | D:2      | Found a faded altar of an unknown god.
  2913 | D:4      | Noticed Natasha
  2913 | D:4      | Noticed Pikel
  2913 | D:4      | Noticed a lemure
  2913 | D:4      | Noticed a lemure
  2913 | D:4      | Noticed a lemure
  2917 | D:4      | Noticed a lemure
  2932 | D:4      | Killed Pikel
  2932 | D:4      | Killed Natasha
  2933 | D:4      | Reached skill level 1 in Polearms
  2933 | D:4      | Reached skill level 5 in Stealth
  2933 | D:4      | Reached skill level 5 in Spellcasting
  2933 | D:4      | Reached skill level 5 in Alchemy
  2933 | D:4      | Reached XP level 6. HP: 29/29 MP: 9/15
  2933 | D:4      | Reached XP level 7. HP: 32/32 MP: 9/16
  3018 | D:4      | Found a white marble altar of Elyvilon.
  3336 | D:4      | Found a sand-covered staircase.
  3354 | Ossuary  | Entered an ossuary
  3599 | Ossuary  | Gained mutation: Armour fits poorly on your strangely
                  | shaped body. [potion of mutation]
  3662 | D:4      | Noticed Natasha
  3664 | D:4      | HP: 1/32 [Natasha/magic dart (4)]
  3676 | D:4      | Slain by a hound

Illustrated notes

Levels and vault maps discovered:
D:1:      evilmike_arrival_hilbert_curve, layout_basic
D:2:      layout_basic, hellmonk_ecumenical_altar_pennies_from_heaven,
          fountainhead, minmay_surrounded, uniq_sigmund
D:3:      layout_loops_ring
D:4:      layout_rooms, lemuel_doored_altar, nicolae_ossuary_entry_ruins,
          kennysheep_generic_room_2, uniq_natasha, uniq_pikel

Skill      XL: |  1  2  3  4  5  6  7 |
---------------+----------------------+-----
Spellcasting   | 3 4 5 6 |  6.1
Dodging        | 3 |  3.9
Alchemy        | 4 5 6 |  6.0
Conjurations   | 1 2 |  2.7
Stealth        | 4 5 |  5.5
Polearms       | 1 |  1.0
Fighting       | |  0.5

Action                     |  1- 3 |  4- 6 |  7- 9 || total
---------------------------+-------+-------+-------++-------
  Melee: Dagger            |    13 |       |       ||    13
         Unarmed           |     1 |       |       ||     1
         Spear             |    12 |     7 |     1 ||    20
         Whip              |       |       |    11 ||    11
   Cast: Sting             |    52 |    32 |    27 ||   111
    Use: Scroll            |       |     2 |     1 ||     3
         Potion            |       |       |     5 ||     5
   Stab: Sleeping          |     4 |       |     1 ||     5
 Armour: Robe              |    15 |     5 |    47 ||    67
  Dodge: Dodged            |    35 |    12 |    86 ||   133

Table legend: (Time is in decaauts)
 A = Elapsed time spent in this place.
 B = Non-inter-level travel time spent in this place.
 C = Inter-level travel time spent in this place.
 D = Time resting spent in this place.
 E = Time spent auto-exploring this place.
 F = Levels seen in this place.
 G = Mean time per level.
                   A        B        C        D        E       F      G
               +--------+--------+--------+--------+--------+-----+--------+
         Total |   2782 |   2699 |     83 |    288 |   1983 |   5 |  556.4 |
       Dungeon |   2516 |   2433 |     83 |     88 |   1982 |   4 |  629.0 |
       Ossuary |    266 |    266 |      0 |    200 |      1 |   1 |  266.0 |
               +--------+--------+--------+--------+--------+-----+--------+

Top non-repeatable levels by time:
     D:1: 890 daAuts
     D:2: 807 daAuts
     D:3: 447 daAuts
     D:4: 370 daAuts
 Ossuary: 266 daAuts
